Map: Babylon LE

Players

Maxthod

  • Race: Zerg Zerg
  • League: Diamond
  • Spawn Location: 11:00

HotboxHero - Winner!

  • Race: Protoss Protoss
  • League: Diamond
  • Spawn Location: 5:00

VOD

Have the link to the VOD?

Description

Time

  • Played on: May 21, 2023, 12:24 p.m.
  • Length: 14:38
Show
View Real Time Build Order
Export as new Build Order

Maxthod Zerg 

Build Orders: Hatch First, Lurkers 

Get SALT Encoding   

  12  0:00  Drone  
  13  0:12  Overlord  
  13  0:17  Drone  
  14  0:30  Drone x2  
  16  0:53  Drone  
  16  0:56  Hatchery  
  16  1:01  Drone  
  16  1:03  Drone  
  18  1:15  Extractor  
  17  1:18  Spawning Pool  
  17  1:20  Drone  
  17  1:22  Drone  
  18  1:28  Drone  
  19  1:39  Overlord  
  19  2:06  Zergling x2  
  19  2:07  Zergling x2  
  21  2:08  Queen  
  21  2:09  Queen  
  21  2:11  Drone  
  21  2:12  Drone  
  27  2:19  Drone  
  28  2:27  Metabolic Boost  
  28  2:35  Hatchery  
  27  2:38  Drone  
  27  2:40  Drone  
  27  2:43  Drone  
  30  2:45  Drone  
  31  2:54  Queen  
  33  3:05  Queen  
  35  3:06  Overlord  
  35  3:11  Overlord  
  35  3:22  Drone  
  35  3:27  Drone x6  
  37  3:28  Drone  
  42  3:43  Zergling x4  
  44  3:49  Queen  
  45  4:04  Lair  
  45  4:07  Queen, Spore Crawler  
  46  4:12  Spore Crawler  
  46  4:15  Drone x7  
  49  4:25  Queen  
  48  4:32  Drone x2  
  48  4:33  Drone x5  
  54  4:49  Drone x3  
  54  4:50  Drone  
  54  4:51  Overlord x2  
  54  4:52  Overlord  
  58  4:58  Spore Crawler  
  57  5:05  Drone  
  58  5:09  Drone x4  
  58  5:10  Drone x5  
  67  5:15  Queen  
  69  5:23  Drone  
  69  5:24  Drone x5, Extractor  
  69  5:26  Extractor  
  73  5:48  Drone  
  73  5:49  Drone x4  
  79  5:50  Drone  
  79  5:52  Roach Warren  
  78  5:57  Evolution Chamber  
  78  5:59  Evolution Chamber  
  76  6:15  Overlord x3  
  76  6:16  Overlord x3  
  76  6:19  Extractor  
  76  6:21  Spore Crawler  
  76  6:23  Spore Crawler  
  73  6:27  Spore Crawler  
  73  6:30  Zerg Melee Weapons Level 1, Zerg Missile Weapons Level 1  
  73  6:31  Glial Reconstitution  
  72  6:41  Spore Crawler  
  71  6:47  Extractor  
  71  6:48  Extractor  
  71  6:54  Infestation Pit  
  68  6:55  Drone x4  
  68  6:56  Drone, Hatchery  
  68  6:57  Drone x3  
  68  7:00  Drone x3  
  78  7:01  Drone  
  78  7:02  Drone x3  
  78  7:03  Drone x2  
  78  7:04  Roach x9  
  102  7:32  Roach  
  102  7:33  Roach x9  
  102  7:35  Overlord x4  
  102  7:36  Overseer, Overlord  
  102  7:37  Overseer x2  
  122  7:41  Hive  
  122  7:48  Overlord x3  
  122  7:49  Overlord  
  122  8:07  Roach x5  
  122  8:08  Roach x5  
  122  8:12  Zergling x6  
  145  8:14  Ravager x3  
  145  8:15  Ravager  
  145  8:16  Hatchery  
  146  8:34  Zerg Missile Weapons Level 2, Zerg Melee Weapons Level 2  
  146  8:35  Baneling Nest  
  145  8:59  Roach x9  
  145  9:00  Roach x3  
  169  9:11  Hatchery  
  168  9:27  Centrifugal Hooks  
  168  9:30  Zergling x24  
  180  9:34  Spine Crawler, Spore Crawler x2  
  180  9:35  Spine Crawler x2, Extractor x2  
  180  9:36  Adrenal Glands  
  173  9:38  Spine Crawler  
  173  9:39  Hydralisk Den  
  173  9:43  Drone x3  
  173  9:44  Drone x3  
  177  9:46  Drone x2  
  177  9:50  Zergling x6  
  178  10:18  Roach x2  
  178  10:19  Roach x2  
  178  10:20  Roach x4  
  178  10:21  Zergling x12  
  199  10:26  Baneling x2  
  198  10:39  Overlord x2  
  198  10:40  Overseer  
  198  10:41  Overseer x2  
  198  10:48  Muscular Augments  
  198  10:50  Zerg Ground Armor Level 1  
  198  10:52  Lurker Den  
  184  11:33  Zergling x10  
  184  11:34  Zergling x20  
  197  11:53  Baneling x3  
  158  11:55  Zergling x42  
  158  12:00  Grooved Spines  
  133  12:03  Roach x11  
  126  12:24  Hydralisk x2  
  126  12:25  Hydralisk x5  
  126  12:29  Ravager x9  
  144  12:39  Seismic Spines  
  138  12:53  Lurker  
  138  12:54  Lurker x6  
  135  13:32  Zergling x8, Roach x4  
  135  13:33  Roach x8  
  123  13:44  Zergling x6  
Show
View Real Time Build Order
Export as new Build Order

HotboxHero Protoss - Winner!

Build Orders: 1 Gate Expand, Oracle Opening, Archon Immortal 

Get SALT Encoding   

  12  0:00  Probe  
  13  0:12  Probe  
  14  0:19  Pylon  
  14  0:25  Probe  
  15  0:37  Probe (Chrono Boost)  
  15  0:40  Gateway  
  16  0:46  Probe (Chrono Boost)  
  17  0:50  Assimilator  
  17  0:52  Probe  
  19  1:04  Probe  
  19  1:11  Pylon  
  19  1:16  Probe  
  20  1:30  Nexus  
  20  1:41  Cybernetics Core  
  20  1:43  Probe  
  21  1:50  Assimilator  
  21  1:55  Probe  
  21  1:59  Pylon  
  22  2:07  Probe  
  23  2:14  Adept (Chrono Boost)  
  23  2:19  Probe  
  26  2:24  Stargate  
  26  2:30  Warp Gate  
  26  2:31  Probe  
  26  2:36  Adept (Chrono Boost)  
  27  2:43  Probe  
  30  2:51  Probe  
  30  2:56  Probe  
  32  3:04  Gateway  
  32  3:06  Probe  
  32  3:07  Oracle  
  32  3:10  Adept  
  38  3:13  Probe  
  39  3:20  Probe  
  39  3:23  Pylon  
  39  3:26  Pylon  
  40  3:27  Probe  
  40  3:33  Probe  
  42  3:39  Probe  
  43  3:45  Probe  
  43  3:46  Oracle  
  47  3:51  Probe  
  48  3:57  Probe  
  49  4:03  Probe  
  49  4:09  Probe  
  49  4:15  Probe, Nexus  
  50  4:17  Pylon  
  50  4:21  Probe  
  51  4:27  Probe  
  52  4:37  Adept  
  52  4:38  Zealot  
  56  4:41  Probe x2  
  56  4:44  Assimilator  
  58  4:46  Assimilator  
  58  4:50  Twilight Council  
  58  4:52  Forge  
  58  4:55  Probe, Gateway x2  
  58  4:56  Probe  
  60  5:06  Zealot  
  62  5:07  Zealot  
  62  5:09  Probe x2  
  62  5:12  Pylon  
  62  5:13  Pylon  
  62  5:14  Shield Battery  
  66  5:21  Probe x2, Protoss Ground Weapons Level 1 (Chrono Boost)  
  67  5:26  Gateway  
  67  5:27  Gateway  
  68  5:32  Templar Archives  
  68  5:34  Charge  
  68  5:36  Probe  
  68  5:38  Probe  
  68  5:40  Probe  
  71  5:44  Robotics Facility  
  71  5:47  Stalker  
  73  5:50  Probe  
  73  5:51  Probe  
  73  5:52  Probe  
  76  6:03  Probe x2  
  78  6:04  Probe  
  78  6:06  Zealot  
  78  6:07  Zealot  
  78  6:08  Zealot  
  85  6:15  Probe  
  85  6:16  Probe x2  
  85  6:17  Pylon  
  88  6:19  Photon Cannon, High Templar  
  88  6:23  Gateway  
  90  6:28  Probe x3  
  93  6:42  Probe x3  
  93  6:45  Warp Prism (Chrono Boost)  
  98  6:47  High Templar x2  
  98  6:48  High Templar x3  
  98  6:51  Archon  
  98  6:52  Archon x2  
  108  6:56  Probe  
  108  6:59  Assimilator  
  109  7:03  Assimilator  
  109  7:04  Pylon  
  109  7:05  Pylon  
  109  7:06  Pylon x3  
  109  7:07  Pylon x2  
  109  7:21  Observer (Chrono Boost)  
  109  7:22  Probe x2  
  112  7:34  High Templar x2, Nexus  
  112  7:35  Zealot x5  
  126  7:39  Gateway  
  126  7:40  Gateway  
  126  7:46  Immortal  
  126  7:49  Archon  
  130  8:03  Zealot x5  
  124  8:31  Immortal  
  128  8:40  Robotics Facility  
  128  8:42  Probe x3  
  128  8:44  Pylon  
  128  8:46  Pylon  
  131  9:05  High Templar  
  131  9:06  Protoss Ground Weapons Level 2 (Chrono Boost), High Templar x4  
  131  9:07  High Templar  
  143  9:11  Immortal (Chrono Boost), Psionic Storm  
  143  9:13  Zealot  
  143  9:14  Zealot x2  
  153  9:25  Immortal (Chrono Boost)  
  157  9:33  Photon Cannon  
  157  9:35  Photon Cannon  
  157  9:37  Probe x2  
  157  9:38  Probe, Photon Cannon  
  160  9:40  Shield Battery  
  160  9:41  Assimilator, Immortal (Chrono Boost)  
  160  9:42  Shield Battery  
  160  9:43  Assimilator  
  160  9:44  Pylon  
  164  9:53  Zealot x2  
  164  9:54  Zealot x7  
  186  10:00  Immortal  
  186  10:14  Gateway x2  
  170  10:16  Gateway  
  170  10:19  Gateway  
  170  10:26  Zealot  
  170  10:27  Zealot x2  
  175  10:37  Immortal  
  175  10:44  Zealot x6  
  183  11:07  Immortal  
  183  11:10  Zealot x10  
  144  12:08  Archon  
  144  12:14  Zealot x13  
  170  12:20  Immortal x2  
  162  12:44  Zealot x11  
  184  12:56  Immortal (Chrono Boost)  
  192  13:06  Immortal (Chrono Boost)  
  174  13:39  Observer  
  146  13:50  Zealot x8  
  146  13:51  Zealot x5  
Tags
 
Add a new tag
Caveats
  • Supply blocks, unpowered buildings, or Contaminate may cause inaccurate times.
  • Supply counts are checked every 10 seconds.